 Dungeon Crawl Stone Soup version 0.28-a0-794-gafe8c5f9e9 (webtiles) character file.

Game seed: 6367165057224907346

49 kae the Caller (level 3, -1/20 HPs)
             Began as a Tengu Summoner on Nov 5, 2021.
             Slain by a kobold (2 damage)
             ... on level 2 of the Dungeon.
             The game lasted 00:00:53 (2174 turns).

kae the Caller (Tengu Summoner)                     Turns: 2174, Time: 00:00:53

Health: -1/20      AC:  2    Str:  8    XL:     3   Next: 75%
Magic:  4/7        EV: 12    Int: 16    God:
Gold:   77         SH:  0    Dex: 14    Spells: 0/6 levels left

rFire   . . .      SeeInvis .   g - +4 dagger (drain)
rCold   . . .      Faith    .   (no shield)
rNeg    . . .      Spirit   .   a - +0 robe
rPois   .          Reflect  .   (helmet restricted)
rElec   .          Harm     .   (no cloak)
rCorr   .          Rampage  .   (no gloves)
Will    .....                   (boots unavailable)
Stlth   ++........              (no amulet)
HPRegen 0.06/turn               (no ring)
MPRegen 0.10/turn               (no ring)

@: mighty, lethally poisoned (-1 -> -3), attractive
A: beak, talons 3
a: no special abilities


You were on level 2 of the Dungeon.
You visited 1 branch of the dungeon, and saw 2 of its levels.

You collected 77 gold pieces.

Inventory:

Hand Weapons
 g - a +4 dagger of draining (weapon)
Armour
 a - a +0 robe (worn)
Jewellery
 e - an amulet of reflection
 f - an amulet of magic regeneration
Scrolls
 b - 2 scrolls of teleportation {unknown}
 h - a scroll of silence {unknown}


   Skills:
 + Level 1.2 Fighting
 + Level 2.7 Dodging
 - Level 2.0 Stealth
 + Level 2.3 Spellcasting
 * Level 5.5 Summonings


You couldn't memorise any spells.
You knew the following spells:

 Your Spells              Type           Power      Damage    Failure   Level
a - Summon Small Mammal   Summ           76%        N/A       1%          1
b - Call Imp              Summ           19%        N/A       3%          2
c - Call Canine Familiar  Summ           19%        N/A       6%          3

Your spell library contained the following spells:

 Spells                   Type           Power      Damage    Failure   Level
 Summon Guardian Golem    Hex/Summ       10%        N/A       19%         3
 Pain                     Necr           4%         1d4       21%         1
 Summon Lightning Spire   Summ/Air       10%        N/A       54%         4
 Agony                    Necr           1%         N/A       99%         5
 Excruciating Wounds      Necr           0%         N/A       99%         5


Dungeon Overview and Level Annotations

Branches:
Dungeon (2/15)

Altars:


Innate Abilities, Weirdness & Mutations

You have a beak for a mouth.
You have claws for feet.


Message History

The bat barely misses you. The bat hits you but does no damage.
Casting: Summon Small Mammal (safe; 2% risk of failure)
Confirm with . or Enter, or press ? or * to list all spells.
A beastly little devil appears in a puff of frigid air.
The bat hits you.
* * * LOW HITPOINT WARNING * * *
Your bat barely misses the bat.
Your bat misses the bat. The bat misses you. The adder bites your bat.
Your bat dies!
Your bat's corpse disappears in a puff of smoke!
Your white imp gestures at the bat.
The puff of frost hits the bat!
The bat dies!
Casting: Call Imp (safe; 3% risk of failure)
Confirm with . or Enter, or press ? or * to list all spells.
The adder barely misses you.
Your bat hits the adder. You hit the adder.
The adder is heavily wounded.
Your bat hits the adder. Your bat misses the adder. The adder bites you.
* * * LOW HITPOINT WARNING * * *
You are lethally poisoned!
The adder poisons you! The adder closely misses you.
Your white imp barely misses the adder.
* * * LOW HITPOINT WARNING * * *
You feel sick.
Your bat completely misses the adder.
The adder bites your bat but does no damage.
The kobold throws a stone.
The stone hits your bat but does no damage.
Your white imp hits the adder.
Your white imp freezes the adder.
The adder dies!
It was a potion of attraction.
You feel attractive to monsters.
* * * LOW HITPOINT WARNING * * *
You feel sick.
It was a potion of might.
You feel very mighty all of a sudden.
* * * LOW HITPOINT WARNING * * *
You feel sick.
The kobold hits you with a +0 short sword.
You die...

*,,,.........#.# *,#.##.##.#.#
*,,,.........#.###.#[##..#.#.#
****######'#.......#.###.#.#.#
#.###.#####.# #...#.##
#...........####..#.#.
##...†...†....##..#.#.
#.#..........##..#...
#.#.K5.......##.>###.
#,#b@........##### #.
*,#......†...# #.
*,#..........# #.
*,#..........# ##
*,#..........# *,############
*,* *,* *,*


You could see a kobold, a friendly white imp (summoned) and a friendly bat
(summoned).

Vanquished Creatures
  2 dart slugs
  3 hobgoblins
  2 jackals (D:2)
  2 quokkas (D:1)
  3 bats
  2 frilled lizards
  2 goblins
  2 kobolds
  2 rats (D:1)
20 creatures vanquished.

Vanquished Creatures (collateral kills)
  An adder (D:2)
  3 ball pythons
  2 bats (D:2)
  2 endoplasms (D:1)
  A hobgoblin (D:2)
  A frilled lizard (D:1)
  3 goblins (D:1)
13 creatures vanquished.

Grand Total: 33 creatures vanquished

Notes
Turn   | Place    | Note
-------+----------+-------------------------------------------
     0 | D:1      | kae the Tengu Summoner began the quest for the Orb.
     0 | D:1      | Reached XP level 1. HP: 10/10 MP: 4/4
   361 | D:1      | Reached skill level 5 in Summonings
   363 | D:1      | Found a faded altar of an unknown god.
   365 | D:1      | Reached XP level 2. HP: 16/16 MP: 6/6
  1740 | D:2      | Reached XP level 3. HP: 15/18 MP: 5/7
  1745 | D:2      | Learned a level 2 spell: Call Imp
  1749 | D:2      | Learned a level 3 spell: Call Canine Familiar
  1841 | D:2      | Reached skill level 1 in Fighting
  2174 | D:2      | HP: 1/20 [poisoned by an adder]
  2174 | D:2      | Slain by a kobold

Illustrated notes

Levels and vault maps discovered:
D:1:      eino_arrival_cavern_e, layout_basic, chequers_ecumenical_altar_simple
D:2:      layout_basic

Skill      XL: |  1  2  3 |
---------------+----------+-----
Summonings     | 5 |  5.5
Fighting       | 1 |  1.2
Dodging        | |  2.7
Stealth        | |  2.0
Spellcasting   | |  2.3

Action                   || total
-------------------------++-------
Melee: Unarmed           ||    46
       Kick              ||    12
       Peck              ||    12
       Dagger            ||    18
 Cast: Summon Small Mamm ||    28
       Call Imp          ||     1
  Use: Scroll            ||     3
       Potion            ||     2
 Stab: Sleeping          ||     3
Armor: Robe              ||    21
Dodge: Dodged            ||    73

Table legend: (Time is in decaauts)
 A = Elapsed time spent in this place.
 B = Non-inter-level travel time spent in this place.
 C = Inter-level travel time spent in this place.
 D = Time resting spent in this place.
 E = Time spent auto-exploring this place.
 F = Levels seen in this place.
 G = Mean time per level.
                   A        B        C        D        E       F      G
               +--------+--------+--------+--------+--------+-----+--------+
         Total |   2173 |   2158 |     15 |      0 |   1869 |   2 | 1086.5 |
       Dungeon |   2173 |   2158 |     15 |      0 |   1869 |   2 | 1086.5 |
               +--------+--------+--------+--------+--------+-----+--------+

Top non-repeatable levels by time:
     D:1: 1659 daAuts
     D:2: 513 daAuts
